AoeStats
← jakkmon

Arabia

509924387Analyzed
1v1 RM · 4d ago on Sep 28, 2026· 53m 15s· 2 players
Game mode
Random Map
Map size
Tiny (2 player)
Population
200
Speed
Normal
Resources
Standard
Victory
Conquest
Starting age
Dark Age
Ending age
Imperial Age
RankedLock teamsTeams togetherTeam positionsShared explorationLock speedFull tech treeHidden civsTurbo modeCheats
Victory
Defeat
🇺🇸 Byzantines · United States
638
+18
🇺🇸 Burgundians · United States
692
-18
Frokei
8:03 Loom
10:42 Feudal Age
11:18 Double-Bit Axe
15:55 Scale Barding Armor
21:49 Castle Age
21:20 Forging
24:10 Chain Barding Armor
27:28 Wheelbarrow
27:01 Husbandry
28:54 Horse Collar
30:46 Fletching
31:33 Iron Casting
32:31 Hand Cart
36:08 Imperial Age
35:04 Gold Mining
36:50 Bodkin Arrow
36:57 Scale Mail Armor
37:33 Plate Barding Armor
38:35 Logistica
39:51 Bodkin Arrow
40:13 Chain Mail Armor
40:28 Gambesons
49:28 Elite Varangian Guard
50:09 Squires
52:13 Conscription
jakkmon
3:33 Loom
10:20 Feudal Age
9:27 Double-Bit Axe
14:39 Wheelbarrow
14:58 Bow Saw
15:16 Gold Mining
16:27 Horse Collar
18:01 Fletching
18:11 Padded Archer Armor
22:12 Castle Age
23:26 Pikeman
24:07 Squires
25:10 Hand Cart
24:41 Town Watch
34:59 Fletching
36:44 Bodkin Arrow
37:05 Leather Archer Armor
41:28 Imperial Age
39:28 Scale Mail Armor
39:38 Forging
41:33 Burgundian Vineyards
44:12 Gold Shaft Mining
43:27 Stone Mining
43:19 Elite Coustillier
44:21 Conscription
46:31 Halberdier
49:05 Bracer
49:41 Iron Casting
49:21 Chain Mail Armor
Connection lost

Rejoining the realm…

Still unreachable

The connection could not be restored.

Session expired

The server has moved on; the page needs a fresh start.